 Dungeon Crawl Stone Soup version 0.21-a0-396-ga924934 (webtiles) character file.

78 kae the Insei (level 4, -2/36 HPs)
             Began as a Draconian Transmuter on Oct 19, 2017.
             Killed from afar by Robin (15 damage)
             ... with a wand of flame (?/48)
             ... on level 1 of the Dungeon.
             The game lasted 00:01:55 (1713 turns).

kae the Insei (Draconian Transmuter)                Turns: 1713, Time: 00:01:55

Health: -2/36      AC:  5    Str: 12    XL:     4   Next: 15%
Magic:  6/7        EV: 12    Int: 13    God:
Gold:   48         SH:  0    Dex: 13    Spells: 7/8 levels left

rFire    . . .     SeeInvis .     - Unarmed
rCold    . . .     Gourm    .   (no shield)
rNeg     . . .     Faith    .   (armour unavailable)
rPois    .         Spirit   .   (helmet restricted)
rElec    .         Reflect  .   (no cloak)
rCorr    .         Harm     +   (no gloves)
MR       +....                  (boots currently unavailable)
Stlth    +.........             e - amulet of harm
HPRegen  0.12/turn              h - ring of protection from magic
MPRegen  0.10/turn              (no ring)

@: appendage
A: unfitting armour, talons 3, cold-blooded, AC +5
a: End Transformation


You were on level 1 of the Dungeon.
You were not hungry.
You had grown temporary talons.
You visited 1 branch of the dungeon, and saw 2 of its levels.

You collected 48 gold pieces.

Inventory:

Missiles
 a - 12 arrows
Jewellery
 e - an amulet of harm (around neck)
 h - a ring of protection from magic (left hand)
Scrolls
 f - 2 scrolls of fog
 g - a scroll of remove curse
 i - a scroll of amnesia {unknown}
Potions
 d - a potion of resistance
 j - a potion of heal wounds
Books
 b - a book of Changes

   Spells                             Type                      Level
   a - Beastly Appendage              Transmutation                1
   b - Sticks to Snakes               Transmutation                2
   c - Spider Form                    Transmutation/Poison         3
   d - Ice Form                       Ice/Transmutation            4
   e - Blade Hands                    Transmutation                5
Comestibles
 c - 2 bread rations
 k - 14 chunks of flesh


   Skills:
 + Level 2.1 Fighting
 - Level 1.7 Dodging
 * Level 3.9 Unarmed Combat
 + Level 2.5 Spellcasting
 + Level 2.5 Transmutations


You had 7 spell levels left.
You knew the following spells:

 Your Spells              Type           Power        Failure   Level  Hunger
a - Beastly Appendage     Tmut           #.....       9%          1    #......


Dungeon Overview and Level Annotations

Branches:
Dungeon (2/15)

Altars:

Annotations:
D:1 Robin


Innate Abilities, Weirdness & Mutations

Your plain brown scales are hard. (AC +5)
You cannot fit into any form of body armour.
You are cold-blooded and may be slowed by cold attacks.
You have claws for feet.


Message History

You hit Robin.
Your tail-slap misses Robin.
Robin is moderately wounded.
Robin zaps a wand.
The puff of flame hits you!
It is a wand of flame (?/48).
You closely miss Robin. You tail-slap Robin.
Robin is moderately wounded.
Robin misses you.
You hit Robin.
Robin is severely wounded.
Robin zaps a wand.
The puff of flame hits you!
You are too injured to fight recklessly!
You are too injured to fight recklessly!
You are too injured to fight recklessly!
Casting: Beastly Appendage
Confirm with . or Enter, or press ? or * to list all spells.
Your feet morph into talons.
Robin hits you with a spear. Robin hits you but does no damage.
You hit Robin but do no damage.
Robin is severely wounded.
Robin zaps a wand.
The puff of flame hits you!
You die...

#### ...#
...######
........#
....###.##########
..............lg@#
###..##.####..####
...#.##........#
##.#..#.....#.##
...##.#.....#.#
#######
...##.......#.#
#.....#
.....#......#.#
#.###.#
...#.#......#.#
#.# #.#
...#.##.....#.#
#.# #.#


You could see Robin and a frilled lizard.

Vanquished Creatures
  Jessica (D:1)
  An ooze (D:1)
  A dart slug (D:1)
  4 giant cockroaches (D:1)
  12 goblins (D:1)
  6 hobgoblins (D:1)
  A ball python (D:1)
  8 bats
  2 frilled lizards
  2 kobolds (D:1)
  3 rats (D:1)
41 creatures vanquished.

Notes
Turn   | Place    | Note
-------+----------+-------------------------------------------
     0 | D:1      | kae the Draconian Transmuter began the quest for the Orb.
     0 | D:1      | Reached XP level 1. HP: 16/16 MP: 3/3
   124 | D:1      | Reached XP level 2. HP: 13/23 MP: 3/5
  1047 | D:1      | Reached XP level 3. HP: 29/29 MP: 6/6
  1436 | D:2      | Noticed an ogre
  1481 | D:2      | Noticed Jessica
  1482 | D:2      | Noticed Robin
  1501 | D:1      | Killed Jessica
  1538 | D:1      | Reached XP level 4. HP: 28/36 MP: 7/7
  1713 | D:1      | Killed from afar by Robin

Vault maps used:
D:1:      dpeg_arrival_tiny_g
D:2:      good_gods_mini_temple, uniq_robin, uniq_jessica

Skill      XL: |  1  2  3 |
---------------+----------+-----
Fighting       | 2 |  2.1
Dodging        | |  1.7
Unarmed Combat | |  3.9
Spellcasting   | |  2.5
Transmutations | |  2.5

Action                   |  1- 3 |  4- 6 || total
-------------------------+-------+-------++-------
Melee: Unarmed           |   113 |    28 ||   141
       Tailslap          |     6 |     4 ||    10
       Headbutt          |     3 |       ||     3
       Kick              |     1 |       ||     1
       Punch             |     1 |       ||     1
 Cast: Beastly Appendage |     7 |     1 ||     8
  Use: Scroll            |     3 |       ||     3
       Potion            |     1 |       ||     1
 Stab: Sleeping          |     1 |       ||     1
  Eat: Chunk             |     2 |     1 ||     3
Armor: Skin              |    50 |    13 ||    63
Dodge: Dodged            |    83 |    16 ||    99

Table legend:
 A = Spawn XP
 B = Non-spawn XP
 C = Spawn XP percentage of total XP
 D = Spawn monster count
 E = Non-spawn monster count
 F = Spawn count percentage of total count
 G = Total turns spent on level
                    A         B        C        D         E        F      G
               +---------+---------+-------+---------+---------+-------+---------
         Total |       0 |     112 |   0.0 |       0 |      41 |   0.0 |  1713
               +---------+---------+-------+---------+---------+-------+---------
           D:1 |       0 |     109 |   0.0 |       0 |      39 |   0.0 |  1630
           D:2 |       0 |       3 |   0.0 |       0 |       2 |   0.0 |    83
               +---------+---------+-------+---------+---------+-------+---------
